cohdb
Replays
Latest Replays
All Replays
Popular Replays
Top Player Replays
Match Explorer
How It Works
Community
CoH3 Stats
Reddit
Sign in to upload your games and track your stats! →
Sign in with Steam
Match 43254705
Unlisted
Match 43254705
Overview
Messages
Build Orders
End
Construct Infanterie Kompanie
Pioneer Squad
Selects Breakthrough Battlegroup
Selects Assault Grenadiers
MG 42 Machine Gun Team
MG 42 Machine Gun Team
Grenadier Squad
Construct Luftwaffe Kompanie
221 Scout Car
Selects Rapid Production
Jäger Squad
Jäger Squad
Support Elements
Construct Panzergrenadier Kompanie
Selects Blitzkrieg
Nebelwerfer 42 Rocket Launcher Team
Wirbelwind Flakpanzer
Forward Retreat Point
Side Skirts
StuG III G Assault Gun
Selects Panzer IV Command Tank Sd.Kfz. 161/1
Panzer IV Command Tank
StuG III G Assault Gun
221 Scout Car
Selects Smoke Bombing Run
Selects Mechanized Assault Group
Blitzkrieg
Mechanized Assault Group
Panzergrenadier Officer Quarters
Blitzkrieg
Gwangju's Hero Chun Doo-gwang
freedman1984
ゆきかぜ
Lost
1Div MED
Zubit
Oier
zombie land SAGA
0
0
Comments
sign in to comment!
No comments posted yet!